Map: Jagannatha LE

Players

Lembas

  • Race: Zerg Zerg
  • League: Platinum
  • Spawn Location: 7:00

Massa - Winner!

  • Race: Terran Terran
  • League: Platinum
  • Spawn Location: 1:00

VOD

Have the link to the VOD?

Description

Time

  • Played on: Oct. 3, 2020, 9:14 a.m.
  • Length: 18:54
Show
View Real Time Build Order
Export as new Build Order

Lembas Zerg 

Build Orders: Hatch First, Lurkers 

Get SALT Encoding   

  12  0:00  Drone  
  13  0:12  Overlord  
  13  0:17  Drone  
  14  0:30  Drone x2  
  16  0:49  Hatchery  
  15  0:53  Drone  
  15  0:56  Drone  
  17  1:00  Drone  
  18  1:10  Extractor  
  17  1:18  Spawning Pool  
  16  1:20  Drone  
  16  1:22  Drone  
  18  1:28  Drone  
  19  1:39  Drone  
  20  1:49  Drone  
  21  2:01  Drone  
  21  2:02  Overlord  
  21  2:04  Queen x2  
  26  2:13  Zergling x4  
  28  2:21  Drone  
  29  2:23  Drone  
  30  2:32  Drone  
  30  2:34  Metabolic Boost  
  30  2:35  Drone  
  32  2:45  Drone x2  
  34  2:57  Drone x2  
  36  3:08  Pneumatized Carapace  
  36  3:09  Overlord x2  
  36  3:13  Hatchery  
  36  3:16  Drone  
  36  3:20  Overlord  
  36  3:28  Drone x3  
  36  3:29  Drone  
  40  3:38  Drone x2  
  42  3:47  Drone x2  
  42  3:48  Drone  
  45  3:49  Drone x2  
  45  3:51  Queen  
  49  4:05  Drone x2  
  51  4:10  Drone  
  51  4:11  Drone  
  51  4:15  Baneling Nest  
  52  4:21  Overlord  
  52  4:22  Overlord  
  52  4:26  Zergling x2  
  53  4:33  Zergling x4  
  53  4:36  Overlord  
  55  4:43  Zergling x4  
  57  4:48  Zergling x2  
  58  4:53  Zergling x2  
  58  4:54  Zergling x2  
  58  4:55  Zergling x4  
  62  5:01  Zergling x4  
  62  5:04  Zergling x2  
  65  5:11  Zergling x10  
  70  5:18  Baneling x2  
  70  5:19  Baneling x7  
  70  5:20  Baneling x5  
  70  5:21  Zergling x6  
  73  5:28  Drone x2  
  73  5:29  Drone x2  
  73  5:30  Drone  
  78  5:36  Drone  
  78  5:38  Extractor  
  78  5:40  Extractor  
  78  5:41  Hatchery  
  73  5:45  Hatchery  
  69  5:54  Zergling x2  
  69  5:55  Zergling x18  
  72  6:10  Zergling x6  
  72  6:11  Zergling x2  
  71  6:18  Zergling x2  
  71  6:19  Zergling x2  
  71  6:20  Zergling x4  
  71  6:22  Zergling x2  
  71  6:23  Zergling x4  
  74  6:29  Drone x3  
  75  6:35  Zergling x6  
  74  6:51  Zergling x6  
  68  6:55  Zergling x2  
  68  6:56  Baneling x3, Zergling x2  
  68  6:57  Baneling x3  
  68  6:58  Baneling x4  
  68  6:59  Zergling x2  
  72  7:01  Zergling x4  
  72  7:05  Drone  
  72  7:08  Extractor, Drone x4  
  74  7:09  Extractor  
  74  7:10  Evolution Chamber  
  74  7:11  Evolution Chamber  
  74  7:17  Drone x2  
  74  7:18  Drone x3  
  74  7:19  Queen  
  81  7:28  Drone x2  
  81  7:29  Drone  
  84  7:31  Drone x2  
  84  7:34  Drone x2  
  84  7:36  Drone  
  89  7:38  Drone  
  89  7:40  Drone  
  89  7:41  Drone  
  92  7:44  Zerg Melee Weapons Level 1  
  92  7:45  Zergling x8  
  92  7:46  Zergling x2  
  97  7:55  Zergling x6  
  97  7:56  Zergling x4  
  97  7:58  Hatchery, Overlord  
  102  8:04  Hatchery  
  100  8:08  Overlord x4  
  100  8:13  Overlord x6  
  100  8:14  Overlord x2  
  100  8:16  Baneling  
  100  8:17  Baneling x11  
  100  8:18  Baneling  
  100  8:19  Zergling x4  
  74  9:05  Zergling x16  
  74  9:06  Zergling x20  
  74  9:08  Extractor  
  91  9:16  Zergling x2  
  95  9:17  Zergling x6  
  95  9:33  Zerg Ground Armor Level 1  
  95  9:36  Drone x4  
  95  9:37  Drone x8  
  95  9:38  Baneling  
  107  9:40  Burrow  
  107  9:44  Extractor  
  106  9:46  Extractor  
  106  9:52  Lair  
  105  9:59  Baneling x4  
  105  10:00  Baneling x24  
  105  10:01  Baneling x2, Zergling x2  
  105  10:02  Zergling x22  
  105  10:03  Zergling x10  
  105  10:06  Zergling x2  
  105  10:07  Zergling x6  
  126  10:37  Zergling x2  
  126  10:38  Zergling x34  
  129  11:09  Zergling x2  
  129  11:10  Zergling x22  
  141  11:14  Hydralisk Den  
  141  11:15  Drone x2  
  141  11:17  Infestation Pit  
  141  11:18  Baneling  
  141  11:19  Baneling x14  
  141  11:20  Baneling x22  
  141  11:21  Zergling x2  
  141  11:22  Zergling x18  
  151  11:29  Centrifical Hooks  
  151  11:35  Zergling x6  
  151  11:36  Zergling x6  
  157  11:43  Zergling x2  
  157  11:44  Zergling x16  
  166  11:51  Muscular Augments  
  166  11:57  Lurker Den  
  166  11:58  Zerg Missile Weapons Level 1  
  166  12:00  Hatchery, Zergling x16  
  166  12:01  Zergling x4  
  174  12:06  Hatchery  
  174  12:08  Hatchery  
  132  12:30  Hydralisk x10  
  132  12:31  Hydralisk  
  99  12:51  Zergling x2  
  99  12:52  Zergling x40  
  99  12:53  Zergling x2  
  99  12:54  Zergling x4  
  99  12:56  Zergling x4  
  99  12:57  Lurker x3  
  128  13:00  Lurker  
  128  13:01  Zergling x6  
  128  13:02  Zergling x2  
  128  13:03  Grooved Spines  
  128  13:05  Zergling x2  
  134  13:13  Zergling x14  
  134  13:19  Zergling x2  
  142  13:23  Zergling x2  
  142  13:24  Zergling x10  
  148  13:28  Extractor  
  148  13:30  Extractor  
  148  13:31  Spore Crawler  
  148  13:33  Spore Crawler  
  144  13:38  Baneling  
  144  13:39  Baneling x17  
  144  13:40  Baneling x13  
  144  13:41  Zergling x2  
  144  13:42  Zergling x30  
  144  13:44  Drone  
  144  13:46  Drone x2  
  163  14:00  Hive  
  163  14:07  Zerg Missile Weapons Level 2  
  163  14:08  Zerg Ground Armor Level 2  
  163  14:17  Zergling x2  
  163  14:18  Zergling x26  
  164  14:33  Zergling x2  
  164  14:34  Zergling x32  
  164  14:35  Zergling x2  
  179  14:39  Zergling x2  
  179  14:40  Zergling x2  
  179  14:44  Lurker x5  
  186  14:45  Zergling x2  
  186  14:46  Zergling x12  
  183  14:59  Zergling x2  
  149  15:00  Zergling x20  
  133  15:18  Hydralisk x3  
  133  15:19  Hydralisk x7  
  150  15:22  Baneling x3  
  150  15:23  Baneling  
  150  15:24  Baneling x2  
  150  15:25  Baneling  
  147  15:44  Zergling x2  
  147  15:45  Zergling x24  
  157  15:54  Zergling x14  
  164  16:02  Ultralisk Cavern  
  163  16:33  Hatchery  
  163  16:37  Hydralisk  
  163  16:38  Hydralisk x3  
  170  16:43  Lurker x5  
  170  16:45  Lurker  
  170  16:46  Lurker  
  177  16:47  Lurker  
  177  16:49  Lurker  
  177  16:50  Lurker  
  180  17:00  Drone x5  
  180  17:01  Drone  
  186  17:25  Extractor, Lurker x4  
  186  17:28  Baneling x5  
  186  17:29  Baneling x25  
  189  17:30  Extractor, Baneling x6  
  188  17:40  Drone x2  
  188  17:42  Drone  
  188  17:44  Drone  
  192  17:51  Ultralisk  
  198  18:01  Baneling x3  
  198  18:02  Baneling x7  
  198  18:03  Baneling x4  
Show
View Real Time Build Order
Export as new Build Order

Massa Terran - Winner!

Build Orders: Hellion Opening, Reaper Expand 

Get SALT Encoding   

  12  0:01  SCV  
  13  0:13  SCV  
  14  0:17  Supply Depot  
  14  0:25  SCV  
  15  0:38  SCV  
  15  0:40  Barracks  
  16  0:51  SCV  
  16  0:52  Refinery  
  17  1:03  SCV  
  18  1:15  SCV  
  19  1:29  Orbital Command  
  19  1:35  Reaper  
  20  1:41  Command Center  
  20  1:53  Supply Depot  
  20  1:55  SCV  
  21  2:07  SCV  
  22  2:16  Marine  
  22  2:19  Factory  
  22  2:22  SCV  
  24  2:28  Barracks  
  24  2:34  Barracks Reactor, SCV  
  25  2:59  Orbital Command  
  25  3:01  SCV  
  26  3:08  Starport  
  26  3:13  SCV  
  26  3:16  Hellion x2  
  26  3:19  Barracks Tech Lab  
  31  3:20  Marine  
  31  3:27  SCV x2  
  34  3:37  Hellion  
  34  3:38  Hellion, Marine  
  34  3:41  Engineering Bay  
  39  3:44  Refinery  
  39  3:59  Hellion x2  
  43  4:09  Starport Reactor  
  42  4:11  Barracks Reactor  
  42  4:15  SCV x2  
  44  4:22  Command Center  
  44  4:23  Refinery  
  44  4:27  SCV x2  
  46  4:50  Supply Depot x2  
  46  4:52  Supply Depot  
  46  4:53  Supply Depot  
  46  4:54  Supply Depot  
  46  5:11  Medivac  
  46  5:12  SCV x2, Hellion x2, Marauder, Medivac  
  58  5:15  Marine x2  
  60  5:24  SCV x2  
  60  5:27  Barracks  
  62  5:32  Missile Turret  
  62  5:33  Marauder, Marine x2  
  66  5:36  SCV x2  
  60  6:34  Marauder, Marine x3  
  60  6:39  Hellion x2  
  65  6:41  Orbital Command  
  65  6:46  Refinery  
  65  6:52  Marine x3  
  65  6:53  Stimpack  
  68  6:56  Marauder  
  68  6:57  Supply Depot  
  68  6:58  Supply Depot  
  68  7:01  Hellion x2  
  74  7:02  Supply Depot  
  74  7:08  Medivac  
  76  7:11  Barracks Reactor  
  76  7:19  Marauder, Viking  
  76  7:22  Hellion x2  
  84  7:23  Supply Depot x2  
  84  7:29  Terran Infantry Armor Level 1  
  84  7:36  Armory  
  84  7:38  Missile Turret  
  84  7:41  Marauder  
  84  7:43  Hellion  
  88  7:48  Supply Depot x2  
  88  8:06  Hellion x2  
  92  8:13  Missile Turret  
  92  8:14  Missile Turret  
  92  8:18  Factory  
  80  8:28  Hellion x2  
  80  8:34  Missile Turret  
  82  8:38  Missile Turret  
  82  8:49  Hellion x2  
  86  8:59  Missile Turret  
  80  9:05  Orbital Command  
  80  9:10  Hellion  
  80  9:11  Marauder, Marine  
  80  9:12  Marine x3  
  80  9:13  Hellion  
  80  9:14  Factory Tech Lab  
  90  9:27  Supply Depot  
  90  9:28  Supply Depot  
  90  9:29  Marine x2, Supply Depot  
  92  9:32  SCV x3, Hellion, Marauder  
  92  9:34  Hellion  
  101  9:44  SCV x3  
  101  9:45  Marine x2  
  106  9:47  Marine x2  
  106  9:50  Barracks  
  106  9:52  Engineering Bay  
  108  9:53  Hellion  
  108  9:54  Marauder  
  108  9:56  Starport, Hellion  
  114  10:00  Barracks  
  114  10:03  Marine x2  
  114  10:04  Armory  
  114  10:05  Terran Vehicle Weapons Level 1  
  116  10:07  Terran Infantry Armor Level 2  
  116  10:15  Marauder  
  118  10:25  SCV x3  
  121  10:36  Marauder  
  121  10:37  SCV x2  
  119  10:58  Marauder, Supply Depot x2  
  119  11:02  Supply Depot  
  121  11:07  Siege Tank  
  121  11:08  Hellion x2  
  121  11:09  Infernal Pre-Igniter  
  128  11:13  Terran Vehicle And Ship Armor Level 1  
  128  11:15  Terran Infantry Weapons Level 1  
  128  11:21  Supply Depot  
  128  11:22  Supply Depot  
  128  11:27  Supply Depot  
  128  11:29  Hellion x2  
  132  11:33  Medivac x2  
  132  11:34  Command Center  
  132  11:38  Refinery  
  132  11:39  Siege Tank  
  139  11:40  Refinery  
  139  11:41  Barracks Reactor, Barracks Tech Lab  
  139  11:43  Combat Shield  
  139  11:50  Starport Tech Lab  
  139  11:51  Hellion x2  
  143  12:03  Viking x2  
  118  12:42  Marauder, Marine  
  118  12:43  Marine x3  
  80  12:54  Hellion x2  
  80  12:57  Siege Tank  
  87  13:00  Marine x2  
  87  13:01  Marine x2  
  87  13:04  Marauder  
  87  13:05  Marine x2  
  93  13:06  Marauder  
  97  13:16  Hellion x2, Missile Turret  
  97  13:18  Marine x2  
  97  13:19  Marine x2  
  105  13:23  Marine x2  
  105  13:25  Marauder  
  109  13:27  Marauder  
  109  13:29  Siege Tank  
  114  13:36  Marine x2  
  114  13:37  Hellion  
  118  13:46  Marauder  
  118  13:47  Hellion, Supply Depot  
  118  13:48  Marauder, Supply Depot x2  
  124  13:51  Terran Infantry Weapons Level 2, Terran Infantry Armor Level 3  
  124  13:53  Terran Vehicle And Ship Armor Level 2, Terran Vehicle Weapons Level 2  
  124  13:58  Hellion  
  124  14:02  Siege Tank  
  129  14:06  Sensor Tower  
  129  14:08  Hellion, Marauder  
  135  14:10  Marauder, Sensor Tower  
  135  14:12  Supply Depot  
  135  14:14  Missile Turret  
  135  14:20  Hellion  
  133  14:34  Siege Tank  
  87  15:05  Marauder x2, Marine  
  87  15:06  Marine x5, Siege Tank  
  95  15:23  Marine  
  95  15:24  Marine x5  
  95  15:26  Marauder x2  
  105  15:38  Planetary Fortress  
  105  15:39  SCV x3  
  105  15:41  Marine  
  105  15:42  Marine x4  
  113  15:48  Marauder x2  
  117  15:51  SCV x2, Supply Depot  
  117  15:52  SCV  
  117  15:53  Supply Depot  
  120  16:03  SCV  
  120  16:04  SCV x2  
  123  16:06  Supply Depot  
  123  16:09  Marauder x2  
  127  16:14  Banshee  
  127  16:15  SCV  
  127  16:16  SCV  
  132  16:19  Marine  
  132  16:22  Marine  
  132  16:25  Supply Depot  
  134  16:30  Marauder, Supply Depot  
  134  16:31  Marauder  
  138  16:51  Command Center  
  138  16:57  Banshee  
  138  17:00  Supply Depot  
  141  17:05  Supply Depot  
  141  17:06  Supply Depot  
  141  17:12  Sensor Tower  
  141  17:16  Missile Turret  
  141  17:24  Supply Depot  
  141  17:26  Marauder, Marine  
  141  17:28  Supply Depot  
  144  17:30  Supply Depot  
  144  17:36  Concussive Shells, Missile Turret  
  144  17:37  Marauder, Marine  
  147  17:46  SCV  
  147  17:47  SCV x3, Supply Depot  
  147  17:48  Marauder  
  153  17:59  SCV, Missile Turret  
  154  18:10  Supply Depot  
  142  18:20  Missile Turret  
  122  18:33  Supply Depot  
Tags
 
Add a new tag
Caveats
  • Supply blocks, unpowered buildings, or Contaminate may cause inaccurate times.
  • Supply counts are checked every 10 seconds.